 Dungeon Crawl Stone Soup version 0.31.0-9-g3a7656b989 (webtiles) character file.

Game seed: 14116618518533249710

135 qw the Shooter (level 4, -1/23 HPs)
             Began as a Spriggan Hunter on Feb 2, 2024.
             Slain by a gnoll
             ... wielding a +0 spear
              (4 damage)
             ... on level 3 of the Dungeon.
             The game lasted 00:00:04 (1320 turns).

qw the Shooter (Spriggan Hunter)                    Turns: 1320, Time: 00:00:05

Health: -1/23      AC:  2    Str:  7    XL:     4   Next: 97%
Magic:  5/5        EV: 20    Int: 10    God:
Gold:   119        SH:  0    Dex: 20    Spells: 3/3 levels left

rFire   . . .        a - +1 shortbow
rCold   . . .        (shield currently unavailable)
rNeg    . . .        c - +0 robe
rPois   .            (helmet restricted)
rElec   .            (no cloak)
rCorr   .            (gloves unavailable)
SInv    +            (boots unavailable)
Will    .....        (no amulet)
Stlth   ++           (no ring)
HPRegen 0.23/turn    (no ring)
MPRegen 0.09/turn

%: no passive effects
@: very quick
A: very small, no large weapons, unfitting armour, see invisible, speed 3
a: no special abilities


You were on level 3 of the Dungeon.
You visited 1 branch of the dungeon, and saw 3 of its levels.

You collected 119 gold pieces.


Innate Abilities, Weirdness & Mutations

You are very small and have problems with some larger weapons.
You are too small for most types of armour.
You have supernaturally acute eyesight. (SInv)
You cover ground extremely quickly. (Speed+++)


   Skills:
 - Level 2.1 Fighting
 + Level 5.1 Ranged Weapons
 - Level 5.0 Dodging
 - Level 1.5 Stealth


You had 3 spell levels left.
You didn't know any spells.
Your spell library was empty.

Inventory:

Hand Weapons
 a - a +1 shortbow (weapon)
Armour
 c - a +0 robe (worn)
Scrolls
 d - a scroll of identify
Potions
 b - a potion of lignification {unknown}
 e - 2 potions of mutation
 g - a potion of magic {unknown}
 h - a potion of heal wounds {unknown}

Dungeon Overview and Level Annotations

Branches:
Dungeon (3/15)

Altars:


Message History

You shoot an arrow.
The arrow hits the gnoll but does no damage.
The gnoll is almost dead.
The gnoll completely misses you. The gnoll barely misses you.
You shoot an arrow. The arrow barely misses the gnoll.
The arrow hits the gnoll!
You kill the gnoll!
The gnoll misses you. The gnoll hits you with a +0 flail!
Your Fighting skill increases to level 2!
You shoot an arrow. The arrow hits the gnoll.
The gnoll is almost dead.
The gnoll misses you. x2
You shoot an arrow. The arrow hits the gnoll.
You kill the gnoll!
The gnoll misses you.
You shoot an arrow. The arrow barely misses the gnoll.
The gnoll completely misses you. The giant cockroach barely misses you.
You shoot an arrow.
The arrow barely misses the giant cockroach.
The gnoll misses you.
The giant cockroach completely misses you.
The gnoll completely misses you.
You shoot an arrow.
The arrow barely misses the giant cockroach.
The giant cockroach misses you. The gnoll misses you.
The giant cockroach bites you.
You shoot an arrow.
The arrow closely misses the giant cockroach.
The giant cockroach bites you. The gnoll closely misses you.
You shoot an arrow.
The arrow hits the giant cockroach but does no damage.
The giant cockroach barely misses you. The gnoll completely misses you.
You shoot an arrow. The arrow hits the giant cockroach.
The giant cockroach is almost dead.
The giant cockroach misses you.
The gnoll hits you from afar with a +0 spear.
The giant cockroach bites you but does no damage.
You shoot an arrow. The arrow hits the giant cockroach.
You kill the giant cockroach!
The gnoll hits you from afar with a +0 spear.
You die...

# ##########.#
.......<...#
#######.######.#
#..@))...#
#..##g..... #..#
..... #... ....
##.## ... #.# ..
#.. . #..


You could see a gnoll.

Vanquished Creatures
  Terence (D:2)
  3 gnolls (D:3)
  An adder (D:2)
  2 dart slugs
  4 ribbon worms (D:2)
  5 ball pythons
  9 endoplasms
  2 giant cockroaches
  3 goblins
  8 hobgoblins
  2 jackals (D:2)
  3 quokkas (D:1)
  3 bats
  2 frilled lizards
  2 kobolds
  4 rats
54 creatures vanquished.

Notes
Turn   | Place    | Note
-------+----------+-------------------------------------------
     0 | D:1      | qw the Spriggan Hunter began the quest for the Orb.
     0 | D:1      | Reached XP level 1. HP: 10/10 MP: 2/2
     0 | D:1      | 0 ||| qw: Version: 0.3-a-155-g5e7d8dd
     0 | D:1      | 0 ||| qw: Game counter: 1834
     0 | D:1      | 0 ||| qw: Melee chars always use a shield: true
     0 | D:1      | 0 ||| qw: God list: Okawaru
     0 | D:1      | 0 ||| qw: Allow faded altars: false
     0 | D:1      | 0 ||| qw: Do Orc after clearing Dungeon:15 true
     0 | D:1      | 0 ||| qw: Do second Lair branch before Depths: true
     0 | D:1      | 0 ||| qw: Lair rune preference: random
     0 | D:1      | 0 ||| qw: Goals: Normal
     0 | D:1      | 0 ||| PLANNING D:1-11
    97 | D:1      | Reached skill level 3 in Dodging
   177 | D:1      | Reached XP level 2. HP: 8/14 MP: 3/3
   181 | D:1      | HP: 1/14 [hobgoblin (5)]
   500 | D:1      | Reached XP level 3. HP: 18/18 MP: 4/4
   734 | D:1      | 734 ||| READING scroll labelled FESTRU MAM YNN.
   734 | D:1      | 734 ||| IDENTIFYING ruby potion
   735 | D:1      | 735 ||| READING scroll labelled MEWKENIGESU.
   735 | D:1      | 735 ||| ENCHANTING +0 shortbow.
   736 | D:1      | 736 ||| READING scroll labelled ANAEFAYVVO.
   737 | D:1      | 737 ||| DROPPING scroll of butterflies.
   929 | D:2      | Found a faded altar of an unknown god.
   992 | D:2      | Noticed Terence
   996 | D:2      | Killed Terence
   997 | D:2      | Reached XP level 4. HP: 22/22 MP: 5/5
  1272 | D:2      | 1272 ||| READING scroll labelled WUABAU ECUL.
  1272 | D:2      | 1272 ||| ENCHANTING +1 shortbow.
  1273 | D:2      | 1273 ||| READING scroll labelled NASHEU ZITE.
  1274 | D:2      | 1274 ||| READING scroll labelled UWIPNI OGHU.
  1317 | D:3      | HP: 4/23 [giant cockroach (2)]
  1320 | D:3      | Slain by a gnoll

Levels and vault maps discovered:
D:1:      onia_arrival_mini_maze, layout_basic
D:2:      layout_rooms, basic_ecumenical_altar, serial_park_tiny_1,
          minmay_3d_cube, uniq_terence
D:3:      layout_basic

Skill      XL: |  1  2  3  4 |
---------------+-------------+-----
Dodging        | 3 4 5 |  5.0
Ranged Weapons | 5 |  5.1
Fighting       | 2 |  2.1
Stealth        | |  1.5

Action                     |  1- 3 |  4- 6 || total
---------------------------+-------+-------++-------
   Fire: Shortbow          |   108 |    39 ||   147
    Use: Scroll            |     3 |     3 ||     6
 Armour: Robe              |     7 |     7 ||    14
  Dodge: Dodged            |    35 |    21 ||    56

Table legend:
 A = Non-vault XP
 B = Vault XP
 C = Vault XP percentage of total XP
 D = Non-vault monster count
 E = Vault monster count
 F = Vault count percentage of total count
                 A         B        C        D         E       F
            +---------+---------+-------+---------+---------+-------
      Total |     154 |      42 |  21.4 |      51 |       3 |   5.6
            +---------+---------+-------+---------+---------+-------
        D:1 |      45 |       0 |   0.0 |      24 |       0 |   0.0
        D:2 |      61 |      42 |  40.8 |      22 |       3 |  12.0
        D:3 |      48 |       0 |   0.0 |       5 |       0 |   0.0
            +---------+---------+-------+---------+---------+-------
